Map: Efflorescence LE

Players

Miloux - Winner!

  • Race: Terran Terran
  • League: Diamond
  • Spawn Location: 12:00

Pims - Winner!

  • Race: Protoss Protoss
  • League: Diamond
  • Spawn Location: 3:00

qqq

  • Race: Protoss Protoss
  • Spawn Location: 6:00

Massa

  • Race: Terran Terran
  • League: Gold
  • Spawn Location: 9:00

VOD

Have the link to the VOD?

Description

Time

  • Played on: July 16, 2020, 12:02 p.m.
  • Length: 16:04
Show
View Real Time Build Order
Export as new Build Order

Miloux Terran - Winner!

Build Orders: 2 Factory, Cyclone Opening 

Get SALT Encoding   

  12  0:01  SCV  
  13  0:13  SCV  
  14  0:19  Supply Depot  
  14  0:25  SCV  
  15  0:29  Refinery  
  15  0:40  SCV  
  16  0:47  Barracks  
  16  0:52  SCV  
  17  1:04  SCV  
  17  1:08  Supply Depot  
  18  1:13  Refinery  
  18  1:17  SCV  
  19  1:29  SCV  
  20  1:38  Factory  
  20  1:43  SCV  
  20  1:45  Reaper  
  22  1:56  Orbital Command  
  22  2:07  Factory  
  22  2:25  Factory Tech Lab  
  22  2:27  Reaper  
  24  2:30  SCV  
  24  2:49  SCV  
  24  2:50  Cyclone  
  28  2:51  Factory Tech Lab  
  28  2:54  Supply Depot  
  28  3:01  SCV  
  28  3:03  Supply Depot  
  29  3:18  Cyclone  
  32  3:22  Cyclone  
  34  3:38  SCV  
  34  3:40  Reaper  
  36  3:44  Supply Depot  
  36  3:50  Cyclone  
  39  4:03  Cyclone  
  42  4:27  Cyclone  
  42  4:28  SCV  
  44  4:50  Cyclone  
  47  5:06  Cyclone  
  50  5:45  Cyclone  
  53  5:51  SCV  
  53  5:56  Supply Depot  
  54  6:01  Cyclone, Supply Depot  
  48  6:34  Cyclone x2  
  54  6:43  Reaper  
  54  6:44  SCV  
  50  6:57  Refinery, Command Center  
  50  7:06  Cyclone  
  47  7:10  Cyclone  
  50  7:32  SCV  
  51  7:38  Cyclone  
  51  7:42  Cyclone  
  56  7:44  SCV  
  54  8:09  SCV  
  54  8:10  Cyclone  
  58  8:14  Orbital Command  
  58  8:15  Widow Mine  
  58  8:18  Refinery  
  60  8:21  SCV  
  60  8:23  Engineering Bay  
  61  8:28  Mag-Field Accelerator  
  61  8:33  SCV  
  62  8:36  Cyclone  
  62  8:41  SCV  
  66  8:42  Command Center  
  66  8:45  SCV  
  67  8:49  Cyclone  
  67  8:53  SCV  
  71  8:57  SCV, Missile Turret  
  71  9:01  Missile Turret  
  72  9:02  Factory  
  72  9:05  SCV  
  72  9:08  Cyclone  
  72  9:09  SCV  
  77  9:13  Missile Turret  
  77  9:17  SCV  
  77  9:22  Widow Mine, SCV  
  81  9:29  SCV  
  81  9:30  Missile Turret x2  
  82  9:34  SCV  
  82  9:37  Missile Turret  
  83  9:40  Cyclone  
  83  9:41  SCV, Armory  
  83  9:43  Cyclone  
  90  9:46  SCV  
  90  9:47  Factory  
  88  9:55  Missile Turret  
  88  9:58  Factory Tech Lab  
  88  10:00  SCV  
  88  10:02  SCV  
  90  10:07  Orbital Command  
  90  10:09  Refinery  
  90  10:12  Siege Tank  
  93  10:15  Refinery, Siege Tank  
  93  10:19  Cyclone  
  99  10:28  SCV  
  100  10:32  Supply Depot  
  100  10:35  Supply Depot  
  100  10:36  SCV  
  100  10:37  Supply Depot x2  
  100  10:39  SCV  
  102  10:44  Cyclone  
  102  10:45  Factory Tech Lab  
  102  10:48  Cyclone, Factory  
  108  11:00  Siege Tank  
  108  11:02  SCV  
  112  11:17  Thor  
  118  11:19  SCV  
  118  11:20  SCV x2  
  121  11:31  SCV  
  121  11:32  SCV  
  123  11:36  Factory Tech Lab  
  123  11:38  Terran Vehicle Weapons Level 1  
  123  11:40  Smart Servos  
  123  11:41  Drilling Claws  
  123  11:42  Command Center  
  123  11:44  Widow Mine  
  123  11:45  Thor, Supply Depot  
  131  11:47  SCV  
  131  11:52  Supply Depot  
  132  12:03  Thor  
  132  12:05  SCV  
  132  12:06  SCV  
  140  12:10  Supply Depot  
  140  12:23  Thor  
  140  12:25  Siege Tank  
  148  12:49  Thor, Siege Tank  
  157  12:55  Refinery  
  157  12:59  Cyclone  
  157  13:00  Cyclone  
  162  13:26  Cyclone  
  162  13:27  Thor  
  165  13:32  Terran Vehicle And Ship Armor Level 1  
  170  13:48  Siege Tank  
  170  14:01  Siege Tank  
  170  14:06  Cyclone  
  170  14:08  Thor  
  158  14:12  Thor  
  161  14:20  Thor  
  164  14:34  Widow Mine  
  164  14:38  Thor  
  172  14:46  SCV  
  172  14:51  Orbital Command  
  170  14:57  Siege Tank  
  170  15:05  Cyclone  
  170  15:08  Refinery, Siege Tank  
  170  15:17  Missile Turret  
  170  15:18  Thor, Missile Turret  
  170  15:19  Missile Turret  
  170  15:27  Cyclone  
  158  15:29  Siege Tank  
  161  15:39  Missile Turret  
  161  15:42  SCV  
Show
View Real Time Build Order
Export as new Build Order

Pims Protoss - Winner!

Build Orders:  

Get SALT Encoding   

  12  0:02  Probe  
  13  0:10  Probe  
  14  0:26  Pylon  
  14  0:27  Probe  
  15  0:44  Probe  
  15  0:47  Gateway  
  16  0:52  Gateway  
  16  0:57  Assimilator  
  16  1:00  Probe  
  17  1:12  Probe  
Show
View Real Time Build Order
Export as new Build Order

qqq Protoss 

Build Orders:  

Get SALT Encoding   

  12  0:04  Probe  
  13  0:14  Pylon  
  13  0:23  Probe  
  14  0:38  Forge  
  14  0:56  Gateway  
  14  1:00  Probe  
  15  1:12  Probe, Pylon  
  16  1:24  Probe  
  17  1:27  Pylon  
  17  1:36  Probe  
  17  1:39  Pylon  
  18  1:58  Photon Cannon  
  17  2:08  Photon Cannon  
  17  2:09  Pylon  
  17  2:12  Photon Cannon  
  17  2:31  Photon Cannon  
  17  2:37  Photon Cannon  
  17  2:45  Cybernetics Core  
  17  2:47  Assimilator  
  17  2:51  Probe  
  18  2:53  Assimilator  
  18  3:10  Probe  
  19  3:22  Probe  
  19  3:34  Probe  
  19  3:37  Pylon  
  20  3:45  Stargate  
  20  3:47  Probe  
  21  3:57  Stalker  
  21  3:59  Probe  
  24  4:03  Photon Cannon  
  24  4:11  Probe  
  25  4:20  Stargate  
  25  4:38  Phoenix, Pylon  
  27  5:01  Photon Cannon  
  27  5:06  Photon Cannon, Phoenix  
  29  5:15  Phoenix  
  31  5:23  Pylon  
  31  5:34  Phoenix  
  33  5:44  Photon Cannon  
  33  5:50  Pylon  
  33  5:54  Phoenix  
  35  6:10  Phoenix  
  32  6:57  Phoenix x2  
  28  7:22  Phoenix  
  30  7:25  Photon Cannon  
  30  7:27  Photon Cannon  
  30  7:29  Phoenix  
  32  7:33  Pylon  
  32  7:34  Pylon  
  28  7:59  Photon Cannon  
  28  8:01  Photon Cannon  
  28  8:02  Photon Cannon  
  28  8:13  Shield Battery  
  28  8:16  Phoenix  
  30  8:27  Phoenix  
  32  8:41  Pylon  
  32  8:47  Phoenix  
  34  8:56  Phoenix  
  36  9:09  Photon Cannon  
  36  9:21  Photon Cannon  
  30  10:02  Stalker  
  32  10:13  Shield Battery  
  28  10:24  Nexus  
  28  10:38  Phoenix  
  28  10:40  Phoenix  
  32  11:03  Photon Cannon  
  32  11:05  Pylon  
  32  11:17  Phoenix  
  34  11:51  Probe  
  35  12:03  Probe  
  36  12:10  Phoenix  
  36  12:11  Phoenix  
  36  12:15  Probe  
  41  12:22  Protoss Air Weapons Level 1  
  41  12:27  Probe  
  42  12:39  Probe  
  43  12:47  Phoenix x2  
  47  12:54  Zealot  
  49  13:01  Probe  
  49  13:03  Robotics Facility  
  48  13:21  Zealot  
  48  13:22  Fleet Beacon  
  50  13:30  Phoenix  
  46  13:48  Zealot  
  46  14:03  Immortal  
  46  14:06  Tempest  
  46  14:15  Zealot  
  49  14:26  Tempest  
  48  14:39  Immortal  
  48  14:42  Stalker  
Show
View Real Time Build Order
Export as new Build Order

Massa Terran 

Build Orders: Reaper Expand 

Get SALT Encoding   

  12  0:04  SCV  
  13  0:18  SCV  
  13  0:20  Supply Depot  
  14  0:30  SCV  
  15  0:42  SCV  
  16  0:44  Barracks  
  16  0:48  Refinery  
  16  0:54  SCV  
  17  1:06  SCV  
  18  1:18  SCV  
  19  1:31  Orbital Command  
  19  1:33  Reaper  
  20  1:50  Command Center  
  20  1:57  SCV  
  21  2:05  Reaper  
  22  2:09  SCV  
  23  2:32  Supply Depot  
  23  2:47  Reaper  
  23  2:54  SCV  
  24  3:00  Barracks  
  24  3:05  Barracks  
  24  3:06  SCV, Orbital Command  
  24  3:09  Refinery  
  25  3:18  SCV  
  25  3:19  Reaper  
  27  3:30  SCV  
  27  3:42  SCV x2, Factory  
  29  3:51  Reaper  
  29  3:54  SCV, Barracks Tech Lab  
  29  3:55  Barracks Reactor, SCV  
  31  4:15  Bunker  
  31  4:18  Marauder  
  31  4:23  Marine  
  34  4:33  Widow Mine  
  30  5:09  Supply Depot x2  
  30  5:10  Supply Depot  
  30  5:23  Supply Depot  
  30  5:24  Supply Depot  
  30  5:25  Supply Depot  
  30  5:26  Supply Depot  
  29  5:32  Supply Depot  
  29  5:34  Supply Depot  
  25  5:35  Supply Depot  
  16  5:48  Barracks  
  15  5:50  Barracks x2  
  15  5:55  SCV  
  10  6:07  SCV  
  6  6:19  SCV  
  7  6:31  SCV  
  7  6:32  Barracks  
  6  6:33  Barracks  
  6  6:34  Barracks  
  6  6:35  Barracks  
  6  6:43  SCV  
  7  6:55  SCV  
  7  6:56  Supply Depot  
  8  7:06  Barracks  
    7:47  Orbital Command  
    8:16  SCV  
  1  8:28  SCV  
  2  8:39  Marine  
  2  8:40  SCV  
  4  8:52  SCV  
  5  8:57  Marine  
  6  9:04  SCV  
  6  9:09  Barracks Tech Lab x2  
  7  9:10  Marine x2  
  7  9:14  Marine, Command Center  
  7  9:16  SCV  
  11  9:27  Marine  
  11  9:28  Marine  
  11  9:29  SCV  
  14  9:32  Marine  
  15  9:38  Stimpack  
  15  9:40  Concussive Shells  
  15  9:41  SCV  
  16  9:45  Marine x2  
  16  9:49  Marauder  
  16  9:50  Marine  
  21  9:53  SCV  
  24  10:00  Marauder  
  24  10:03  Marine  
  24  10:06  SCV  
  26  10:17  Marauder  
  26  10:20  Marine  
  29  10:26  SCV  
  30  10:32  SCV  
  31  10:38  SCV  
  32  10:44  SCV  
  33  10:50  SCV  
  33  10:53  Combat Shield  
  34  10:59  Marauder  
  36  11:06  Marauder  
  38  11:12  SCV  
  38  11:14  SCV  
  40  11:20  Marauder  
  40  11:24  SCV, Marine  
  44  11:26  SCV  
  45  11:36  SCV  
  45  11:39  Orbital Command  
  46  11:49  SCV  
  46  11:53  Marauder  
  49  11:57  Marauder  
  49  12:00  Marine  
  49  12:01  SCV  
  53  12:13  SCV x2  
  55  12:18  Marauder  
  55  12:20  Marauder  
  55  12:22  Marine  
  59  12:25  SCV x2  
  62  12:37  SCV  
  62  12:41  Marauder x2, Marine x3  
  70  12:58  Marine  
  70  12:59  Marine  
  70  13:02  Marauder  
  70  13:03  Marauder  
  76  13:10  Marine  
  77  13:16  Marine x2  
  79  13:23  Marauder  
  79  13:24  Marauder  
  83  13:35  Command Center  
  82  13:44  Marine  
  82  13:45  Marauder, Marine  
  82  13:46  Marauder  
  85  13:59  SCV x2  
  87  14:06  Marauder  
  87  14:07  Marauder  
  58  14:14  Marine  
  39  14:27  Marauder  
  39  14:28  Marauder  
  39  14:47  Refinery  
  39  14:49  Bunker, Marauder  
  39  14:50  Marauder  
  43  14:56  Bunker  
  43  15:04  Marine  
  43  15:05  Marine x2  
  46  15:10  Marauder  
  46  15:11  Marauder  
  50  15:22  Marine  
  50  15:23  Marine x2  
  53  15:32  Marauder x2  
  57  15:40  Marine  
  58  15:43  Marine  
Tags
 
Add a new tag
Caveats
  • Supply blocks, unpowered buildings, or Contaminate may cause inaccurate times.
  • Supply counts are checked every 10 seconds.